 Dungeon Crawl Stone Soup version 0.18-a0-1800-gdc7a371 (webtiles) character file.

29 TheGoonsmith the Gusty (level 3, -2/19 HPs)
             Began as a Tengu Air Elementalist on Apr 24, 2016.
             Slain by a gnoll
             ... wielding a +0 whip
              (3 damage)
             ... on level 1 of the Dungeon.
             The game lasted 00:04:05 (1116 turns).

TheGoonsmith the Gusty (Tengu Air Elementalist)     Turns: 1116, Time: 00:04:06

Health: -2/19      AC:  2    Str:  6 (8)  XL:     3   Next: 16%
Magic:  0/7        EV: 12    Int: 13 (16) God:
Gold:   38         SH:  0    Dex: 13 (14) Spells: 1 memorised, 5 levels left

rFire  . . .     SeeInvis .     i - -3 short sword (curse)
rCold  . . .     Gourm    .     a - +0 robe
rNeg   . . .     Faith    .     (no shield)
rPois  .         Spirit   .     (helmet restricted)
rElec  .         Dismiss  .     (no cloak)
rCorr  .         Reflect  .     (no gloves)
SustAt .         Harm     .     (boots unavailable)
MR     .....                    (no amulet)
Stlth  ++........               (no ring)
                                (no ring)

@: not resistant to hostile enchantments, unstealthy
A: beak, talons 3
a: no special abilities


You were on level 1 of the Dungeon.
You were hungry.

You visited 1 branch of the dungeon, and saw 1 of its levels.

You collected 38 gold pieces.

Inventory:

Hand Weapons
 i - a cursed -3 short sword (weapon)
Armour
 a - a +0 robe (worn)
Scrolls
 d - a scroll of remove curse {unknown}
 f - a scroll of identify {unknown}
 g - a scroll of random uselessness {unknown}
 h - a scroll of magic mapping {unknown}
Potions
 e - a potion of degeneration
Books
 b - a book of Air

   Spells                             Type                      Level
   a - Shock                          Conjuration/Air              1
   b - Swiftness                      Charms/Air                   2
   c - Repel Missiles                 Charms/Air                   2
   d - Static Discharge               Conjuration/Air              3
   e - Lightning Bolt                 Conjuration/Air              5
Comestibles
 c - a bread ration
 j - 5 fruits
 k - a meat ration
 l - 3 chunks of flesh


   Skills:
 - Level 2.1 Dodging
 - Level 2.0 Stealth
 - Level 2.0 Spellcasting
 + Level 4.0 Conjurations
 - Level 4.0 Air Magic


You had 5 spell levels left.
You knew the following spells:

 Your Spells              Type           Power        Failure   Level  Hunger
a - Shock                 Conj/Air       ##..         6%          1    ##.....


Dungeon Overview and Level Annotations

Branches:
Dungeon (1/15)

Altars:


Innate Abilities, Weirdness & Mutations

You have a beak for a mouth.
You have claws for feet.


Message History

The gnoll is severely wounded.
The gnoll hits you with a whip.
* * * LOW HITPOINT WARNING * * *
Drink which item? (? for menu, Esc to quit)
Okay, then.
Casting: Shock
Confirm with . or Enter, or press ? or * to list all spells.
Aiming: Shock
Press: ? - help, Shift-Dir - straight line, f/p - gnoll
Aim: a gnoll, wielding a whip (severely wounded)
The zap hits the gnoll.
The gnoll is almost dead.
The gnoll hits you with a whip.
* * * LOW HITPOINT WARNING * * *
Drink which item? (? for menu, Esc to quit)
It was a potion of degeneration.
There was something very wrong with that liquid.
You feel weakened.
You feel dopey.
You feel clumsy. The gnoll hits you with a whip.
You die...

##########..##
#..####.#
#.......#
######.#######
#.............
#>###..#.####.
######.###..#.####
#..........†#.....
.####@##.†....#
#g###....##
#.##.....#
#........#
......####.?.....
#.###. ##.#####
#.. #. .# # #.# #.
##'## #.#.# #.#
##...##


You could see a gnoll.

Vanquished Creatures
  A worm (D:1)
  2 dart slugs (D:1)
  A giant gecko (D:1)
  A giant cockroach (D:1)
  2 goblins (D:1)
  4 hobgoblins (D:1)
  4 kobolds (D:1)
  4 bats (D:1)
  2 giant newts (D:1)
21 creatures vanquished.

Notes
Turn   | Place    | Note
--------------------------------------------------------------
     0 | D:1      | TheGoonsmith the Tengu Air Elementalist began the quest for the Orb.
     0 | D:1      | Reached XP level 1. HP: 10/10 MP: 4/4
   204 | D:1      | Reached XP level 2. HP: 15/15 MP: 3/6
   967 | D:1      | Reached XP level 3. HP: 19/19 MP: 4/7
  1116 | D:1      | Slain by a gnoll

Vault maps used:
D:1:      minmay_arrival_checkered_box, dk_noncrumbling_2, minmay_surrounded

Skill      XL: |  1  2  3 |
---------------+----------+-----
Conjurations   | 2 3 4 |  4.0
Dodging        | |  2.1
Stealth        | |  2.0
Spellcasting   | |  2.0
Air Magic      | |  4.0

Action                   || total
-------------------------++-------
Melee: Unarmed           ||    14
       Kick              ||     2
       Short sword       ||     5
       Peck              ||     1
 Cast: Shock             ||    58
  Use: Potion            ||     1
  Eat: Chunk             ||     1
Armor: Robe              ||     4
Dodge: Dodged            ||    16
